Map: Inside and Out

Players

Harstem

  • Race: Protoss Protoss
  • League: Master
  • Spawn Location: 7:00

Geralt (Gerald) - Winner!

  • Race: Protoss Protoss
  • League: Master
  • Spawn Location: 1:00

Event: HomeStory Cup XXII

VOD

Have the link to the VOD?

Description

Time

  • Played on: Dec. 15, 2022, 12:17 p.m.
  • Length: 19:15

All games in this series

Show
View Real Time Build Order
Export as new Build Order

Harstem Protoss 

Build Orders: Phoenix Opening, Blink Stalkers 

Get SALT Encoding   

  12  0:00  Probe  
  13  0:12  Probe  
  14  0:17  Pylon  
  14  0:24  Probe (Chrono Boost)  
  15  0:36  Probe (Chrono Boost)  
  15  0:37  Gateway  
  16  0:43  Probe (Chrono Boost)  
  17  0:51  Probe, Assimilator  
  17  0:56  Assimilator  
  18  1:03  Probe (Chrono Boost)  
  19  1:08  Gateway  
  19  1:12  Probe (Chrono Boost)  
  19  1:17  Probe (Chrono Boost)  
  20  1:25  Cybernetics Core  
  21  1:29  Probe  
  22  1:33  Pylon  
  22  1:41  Probe  
  23  1:58  Probe  
  24  2:02  Warp Gate, Sentry  
  27  2:10  Probe  
  28  2:20  Nexus  
  28  2:34  Stalker (Chrono Boost)  
  29  2:40  Stalker (Chrono Boost), Pylon  
  30  2:45  Probe  
  31  2:54  Phoenix  
  33  2:58  Sentry  
  33  3:04  Probe  
  34  3:07  Shield Battery  
  34  3:08  Sentry  
  36  3:14  Twilight Council  
  36  3:17  Probe  
  37  3:29  Probe (Chrono Boost)  
  37  3:33  Probe (Chrono Boost)  
  39  3:35  Shield Battery  
  39  3:40  Probe (Chrono Boost)  
  41  3:42  Probe (Chrono Boost)  
  41  3:45  Probe (Chrono Boost)  
  41  3:47  Shield Battery, Probe (Chrono Boost), Blink (Chrono Boost)  
  42  3:55  Probe, Stalker  
  46  3:59  Probe  
  47  4:07  Probe  
  48  4:12  Stalker  
  48  4:13  Probe  
  48  4:14  Phoenix  
  51  4:18  Stalker  
  51  4:19  Probe  
  51  4:21  Pylon  
  54  4:39  Probe x2  
  54  4:43  Nexus  
  54  4:44  Pylon  
  56  4:47  Robotics Facility  
  56  4:49  Stalker  
  56  4:51  Phoenix, Probe x2  
  60  4:54  Stalker  
  60  4:57  Assimilator  
  63  5:10  Gateway  
  63  5:11  Shield Battery, Pylon  
  63  5:13  Stalker  
  65  5:17  Stalker  
  65  5:18  Probe  
  65  5:19  Probe  
  68  5:25  Pylon  
  68  5:30  Probe  
  68  5:31  Gateway  
  69  5:38  Immortal  
  69  5:39  Probe  
  69  5:42  Probe  
  75  5:45  Stalker  
  77  5:50  Stalker  
  77  5:51  Probe  
  79  5:58  Phoenix  
  79  6:00  Probe (Chrono Boost)  
  79  6:05  Probe (Chrono Boost)  
  79  6:06  Stalker  
  84  6:12  Probe x2 (Chrono Boost)  
  84  6:14  Pylon  
  84  6:16  Probe (Chrono Boost)  
  84  6:17  Observer (Chrono Boost)  
  86  6:19  Forge, Probe (Chrono Boost)  
  86  6:21  Probe x2 (Chrono Boost)  
  89  6:26  Probe  
  89  6:30  Pylon  
  89  6:31  Probe x2  
  92  6:33  Stalker  
  92  6:38  Probe  
  95  6:43  Probe x2  
  97  6:48  Pylon  
  97  6:50  Probe  
  97  6:53  Protoss Ground Weapons Level 1 (Chrono Boost)  
  98  6:55  Stalker x2  
  102  7:02  Nexus  
  102  7:05  Gateway  
  102  7:06  Gateway  
  102  7:08  Observer  
  103  7:13  Probe  
  103  7:17  Stalker x2  
  103  7:18  Stalker x2  
  111  7:23  Pylon  
  111  7:24  Probe  
  112  7:31  Probe  
  112  7:32  Probe  
  112  7:37  Probe  
  104  7:41  Stalker x4  
  106  7:45  Probe (Chrono Boost)  
  103  7:54  Probe (Chrono Boost)  
  103  7:55  Probe (Chrono Boost)  
  103  7:57  Probe (Chrono Boost)  
  103  8:00  Stalker  
  103  8:03  Probe (Chrono Boost)  
  103  8:04  Probe x2 (Chrono Boost)  
  104  8:12  Probe (Chrono Boost)  
  104  8:19  Probe (Chrono Boost)  
  103  8:21  Photon Cannon  
  103  8:24  Probe (Chrono Boost)  
  106  8:28  Probe x2 (Chrono Boost)  
  106  8:30  Observer  
  106  8:32  Probe x2 (Chrono Boost)  
  106  8:33  Pylon  
  109  8:34  Charge  
  109  8:35  Probe (Chrono Boost)  
  109  8:36  Phoenix, Probe (Chrono Boost)  
  109  8:38  Probe  
  109  8:39  Dark Shrine  
  109  8:40  Probe  
  113  8:45  Stalker, Assimilator  
  113  8:46  Probe  
  113  8:47  Probe  
  117  8:50  Probe  
  117  8:52  Observer, Probe  
  117  8:55  Protoss Ground Weapons Level 2 (Chrono Boost)  
  119  8:57  Pylon  
  119  8:58  Probe  
  119  8:59  Probe  
  119  9:01  Shield Battery  
  121  9:05  Probe  
  121  9:07  Probe  
  123  9:10  Pylon  
  123  9:18  Probe  
  124  9:24  Nexus, Pylon  
  124  9:28  Probe, Stalker x2  
  124  9:30  Nexus, Observer (Chrono Boost)  
  130  9:33  Probe  
  130  9:35  Assimilator  
  131  9:41  Assimilator  
  129  9:48  Probe  
  129  9:50  Zealot x4  
  138  9:53  Probe  
  138  9:55  Photon Cannon  
  138  9:56  Probe  
  138  9:57  Probe  
  125  10:00  Probe  
  125  10:03  Robotics Bay  
  125  10:05  Probe, Stalker x2  
  131  10:08  Robotics Facility, Probe  
  131  10:10  Probe  
  131  10:12  Probe, Pylon  
  134  10:17  Probe  
  134  10:21  Probe, Stalker x4  
  143  10:32  Observer  
  143  10:34  Observer, Stalker x2  
  145  10:36  Probe  
  146  10:45  Zealot x4  
  146  10:47  Probe  
  146  10:48  Probe x2  
  146  10:49  Pylon  
  152  10:50  Pylon  
  152  10:54  Disruptor (Chrono Boost), Assimilator  
  152  10:56  Disruptor (Chrono Boost), Assimilator  
  153  10:57  Probe  
  153  10:58  Probe  
  153  11:02  Probe, Photon Cannon  
  159  11:05  Probe  
  160  11:13  Zealot x5  
  160  11:17  Photon Cannon  
  160  11:18  Nexus  
  168  11:20  Pylon  
  168  11:22  Disruptor  
  163  11:27  Disruptor  
  164  11:32  Dark Templar  
  164  11:34  Zealot x2, Dark Templar x3  
  164  11:36  Probe  
  175  11:42  Shield Battery  
  171  11:55  Disruptor (Chrono Boost)  
  171  11:59  Zealot x2  
  177  12:02  Observer  
  177  12:07  Zealot x4, Protoss Ground Weapons Level 3 (Chrono Boost)  
  184  12:10  Disruptor (Chrono Boost)  
  184  12:12  Pylon  
  184  12:15  Pylon  
  183  12:16  Gravitic Boosters (Chrono Boost)  
  183  12:27  Pylon  
  183  12:29  Disruptor, Probe, Pylon  
  187  12:37  Photon Cannon  
  186  12:39  Pylon  
  186  12:41  Zealot x5  
  186  12:42  Zealot  
  198  12:48  Observer  
  173  13:00  Probe  
  172  13:05  Dark Templar  
  172  13:06  Zealot x2, Dark Templar x3  
  184  13:15  Probe  
  184  13:16  Probe  
  163  13:27  Probe  
  163  13:28  Stalker  
  163  13:29  Stalker  
  140  13:36  Probe x2  
  140  13:37  Probe x2  
  140  13:39  Probe  
  128  13:41  Stalker x4  
  128  13:46  Observer (Chrono Boost)  
  128  13:47  Gateway  
  128  13:48  Probe  
  128  13:49  Probe x2  
  128  13:50  Gateway x2, Probe  
  128  13:51  Observer (Chrono Boost)  
  128  13:53  Shadow Stride (Chrono Boost), Probe  
  128  13:55  Pylon  
  134  13:58  Assimilator  
  134  14:00  Photon Cannon, Assimilator  
  134  14:01  Probe x2  
  134  14:02  Dark Templar x2  
  140  14:05  Dark Templar x2  
  140  14:06  Dark Templar x2  
  148  14:11  Probe  
  146  14:19  Disruptor  
  146  14:20  Photon Cannon  
  147  14:24  Probe  
  147  14:28  Photon Cannon  
  146  14:36  Observer  
  147  14:40  Stalker x6  
  147  14:45  Photon Cannon  
  157  14:47  Pylon  
  157  14:48  Probe  
  157  14:50  Shield Battery, Photon Cannon  
  157  14:52  Photon Cannon  
  158  14:54  Disruptor, Stalker x2  
  158  14:57  Disruptor  
  166  15:02  Nexus  
  166  15:06  Zealot x6  
  166  15:07  Zealot  
  165  15:27  Zealot x3  
  165  15:28  Zealot x6  
  177  15:30  Disruptor  
  177  15:33  Disruptor  
  183  15:39  Pylon  
  183  15:41  Probe  
  183  15:42  Protoss Shields Level 1, Assimilator  
  184  15:43  Assimilator  
  184  15:48  Dark Templar  
  184  15:49  Dark Templar x3  
  192  15:54  Stalker x4  
  198  16:14  Zealot  
  196  16:21  Zealot x2  
  199  16:32  Zealot x3, Dark Templar  
  194  16:46  Disruptor (Chrono Boost), Dark Templar  
  194  16:47  Zealot x4  
  184  16:54  Disruptor (Chrono Boost)  
  184  16:59  Zealot x3  
  182  17:10  Zealot x5  
  182  17:13  Disruptor  
  184  17:48  Disruptor  
  168  18:00  Observer, Pylon  
  168  18:01  Stalker x6  
  168  18:03  Pylon  
  180  18:08  Pylon  
  180  18:10  Pylon x2  
  177  18:16  Nexus  
  171  18:27  Disruptor  
  139  18:43  Stalker x7  
  139  18:44  Stalker x2  
Show
View Real Time Build Order
Export as new Build Order

Geralt Protoss - Winner!

Build Orders: Blink Stalkers 

Get SALT Encoding   

  12  0:00  Probe  
  13  0:12  Probe  
  14  0:17  Pylon  
  14  0:24  Probe (Chrono Boost)  
  16  0:36  Probe (Chrono Boost)  
  16  0:37  Gateway  
  16  0:43  Probe (Chrono Boost)  
  16  0:46  Assimilator  
  17  0:51  Probe  
  17  0:54  Assimilator  
  18  1:04  Probe (Chrono Boost)  
  19  1:10  Gateway  
  19  1:13  Probe (Chrono Boost)  
  19  1:18  Probe (Chrono Boost)  
  20  1:24  Cybernetics Core  
  21  1:30  Probe  
  22  1:34  Pylon  
  22  1:42  Probe  
  23  1:54  Probe  
  23  2:01  Stalker x2  
  28  2:06  Probe  
  29  2:08  Warp Gate  
  29  2:18  Probe, Pylon  
  30  2:36  Probe  
  30  2:37  Adept x2  
  34  2:55  Nexus  
  34  3:03  Probe  
  35  3:13  Twilight Council  
  35  3:15  Probe (Chrono Boost)  
  35  3:17  Pylon  
  36  3:28  Probe (Chrono Boost)  
  37  3:35  Probe (Chrono Boost)  
  38  3:46  Blink (Chrono Boost)  
  38  3:47  Probe (Chrono Boost)  
  39  3:52  Robotics Facility  
  39  3:54  Probe (Chrono Boost)  
  40  3:57  Stalker  
  40  4:02  Probe  
  43  4:09  Probe  
  42  4:14  Probe  
  42  4:16  Stalker  
  45  4:22  Probe  
  45  4:23  Stalker  
  48  4:28  Gateway  
  48  4:29  Gateway  
  48  4:34  Probe  
  48  4:37  Probe  
  48  4:44  Observer, Stalker  
  51  4:47  Probe, Assimilator  
  51  4:50  Stalker  
  51  4:51  Probe  
  55  4:59  Probe  
  56  5:01  Pylon  
  56  5:07  Probe  
  57  5:09  Dark Shrine, Stalker  
  57  5:13  Stalker  
  61  5:15  Observer  
  62  5:24  Adept  
  62  5:25  Adept  
  66  5:31  Nexus  
  66  5:33  Probe  
  66  5:34  Probe  
  68  5:44  Stalker  
  70  5:58  Observer  
  70  6:01  Probe x2  
  70  6:11  Stalker  
  70  6:14  Shield Battery  
  70  6:15  Forge, Pylon  
  70  6:20  Observer  
  70  6:28  Robotics Bay  
  70  6:29  Gateway  
  70  6:30  Gateway  
  70  6:33  Dark Templar, Probe x2 (Chrono Boost)  
  70  6:36  Dark Templar x2  
  70  6:39  Observer  
  78  6:45  Probe x3 (Chrono Boost)  
  80  6:47  Assimilator  
  80  6:53  Assimilator  
  83  6:54  Probe x3 (Chrono Boost)  
  83  6:58  Protoss Ground Weapons Level 1 (Chrono Boost)  
  83  6:59  Probe x3 (Chrono Boost)  
  86  7:10  Stalker x3  
  86  7:11  Probe  
  86  7:14  Probe  
  93  7:27  Pylon x2  
  93  7:29  Probe x2  
  92  7:42  Probe  
  93  7:44  Disruptor (Chrono Boost)  
  93  7:47  Gateway  
  93  7:48  Gateway  
  93  7:49  Robotics Facility  
  93  7:50  Probe  
  91  7:52  Pylon  
  91  7:59  Assimilator  
  91  8:00  Stalker  
  93  8:10  Nexus, Pylon  
  93  8:12  Probe x2  
  93  8:14  Pylon  
  93  8:17  Disruptor (Chrono Boost), Dark Templar x2  
  96  8:24  Probe  
  96  8:26  Stalker x2  
  101  8:30  Probe  
  101  8:33  Photon Cannon  
  101  8:34  Shield Battery, Stalker x2  
  104  8:35  Probe  
  110  8:41  Disruptor (Chrono Boost)  
  110  8:48  Probe x3  
  110  8:50  Photon Cannon  
  110  8:53  Photon Cannon  
  111  8:57  Disruptor (Chrono Boost), Photon Cannon  
  111  8:58  Assimilator  
  111  8:59  Shield Battery, Pylon  
  111  9:02  Assimilator  
  114  9:03  Probe  
  114  9:09  Stalker  
  117  9:10  Disruptor (Chrono Boost)  
  117  9:11  Stalker, Pylon  
  117  9:13  Probe, Protoss Ground Weapons Level 2 (Chrono Boost)  
  123  9:18  Probe  
  123  9:22  Stalker  
  126  9:27  Probe  
  126  9:30  Probe  
  128  9:33  Probe  
  128  9:35  Stalker  
  128  9:36  Stalker x3  
  137  9:46  Disruptor (Chrono Boost)  
  137  9:48  Disruptor (Chrono Boost)  
  141  9:56  Probe  
  142  10:00  Probe x2  
  142  10:01  Probe  
  142  10:06  Stalker x2  
  142  10:07  Stalker x3  
  155  10:09  Pylon  
  155  10:11  Probe  
  155  10:12  Photon Cannon  
  156  10:14  Gravitic Boosters  
  156  10:17  Pylon  
  156  10:26  Nexus  
  156  10:27  Probe, Pylon  
  157  10:37  Stargate  
  157  10:39  Pylon  
  155  10:46  Dark Templar x6  
  155  10:47  Probe  
  155  10:49  Shield Battery, Photon Cannon  
  168  10:50  Archon x3, Pylon  
  168  10:52  Probe  
  168  10:54  Pylon  
  169  10:59  Pylon  
  169  11:01  Observer (Chrono Boost)  
  169  11:03  Observer (Chrono Boost)  
  171  11:05  Photon Cannon  
  171  11:06  Dark Templar  
  173  11:15  Stalker  
  173  11:25  Disruptor, Stalker  
  173  11:26  Stalker x3  
  173  11:29  Stalker x2  
  173  11:32  Shield Battery  
  185  11:37  Probe  
  186  11:40  Fleet Beacon  
  186  11:49  Stalker x3  
  186  11:51  Dark Templar x2  
  196  12:05  Disruptor  
  199  12:15  Observer  
  200  12:17  Photon Cannon  
  200  12:21  Photon Cannon  
  200  12:22  Photon Cannon  
  200  12:23  Pylon  
  200  12:24  Protoss Ground Weapons Level 3 (Chrono Boost)  
  200  12:25  Photon Cannon  
  192  12:56  Disruptor  
  186  13:02  Mothership (Chrono Boost)  
  186  13:03  Disruptor  
  191  13:24  Stalker x6  
  191  13:25  Stalker x2  
  179  13:32  Disruptor  
  170  13:39  Disruptor  
  164  13:42  Probe  
  164  13:45  Probe  
  164  13:47  Tempest (Chrono Boost)  
  155  13:56  Assimilator  
  155  13:58  Stalker x6  
  155  13:59  Assimilator, Stalker x2  
  172  14:05  Nexus  
  172  14:07  Pylon  
  172  14:08  Disruptor, Probe (Chrono Boost)  
  175  14:15  Disruptor  
  178  14:17  Archon  
  174  14:30  Photon Cannon  
  174  14:31  Photon Cannon  
  174  14:33  Shield Battery  
  173  14:43  Disruptor  
  173  14:45  Probe x2  
  178  14:50  Disruptor, Tempest (Chrono Boost), Photon Cannon  
  178  14:51  Shield Battery  
  186  15:07  Stalker  
  186  15:08  Stalker x6  
  199  15:16  Protoss Shields Level 1  
  199  15:19  Disruptor  
  193  15:21  Stalker  
  193  15:26  Disruptor  
  180  15:32  Probe  
  180  15:36  Stalker x5  
  180  15:37  Nexus  
  180  15:38  Photon Cannon  
  180  15:39  Shield Battery, Pylon  
  190  15:44  Probe, Pylon  
  186  15:56  Observer  
  187  16:02  Disruptor  
  181  16:05  Stalker x7  
  181  16:06  Stalker  
  181  16:07  Photon Cannon  
  188  16:17  Observer  
  187  16:30  Photon Cannon  
  185  16:33  Photon Cannon  
  185  16:34  Photon Cannon, Stalker x3  
  185  16:35  Stalker x4  
  185  16:37  Photon Cannon  
  199  16:40  Shield Battery  
  199  16:41  Shield Battery  
  199  16:43  Photon Cannon  
  185  16:57  Oracle (Chrono Boost)  
  169  17:08  Stalker x6  
  169  17:09  Stalker x2  
  169  17:13  Protoss Air Weapons Level 1  
  169  17:53  Disruptor (Chrono Boost)  
  169  17:54  Stalker x2  
  169  17:55  Stalker x6  
  188  18:01  Shield Battery x2  
  188  18:04  Photon Cannon  
  188  18:09  Assimilator  
  188  18:11  Assimilator  
  188  18:14  Pylon  
  189  18:21  Stalker x6  
  189  18:22  Disruptor (Chrono Boost), Stalker  
  187  18:53  Stalker x2  
  187  18:54  Stalker x3  
  180  18:59  Pylon  
  180  19:01  Pylon  
  180  19:03  Pylon  
  180  19:05  Pylon  
  180  19:07  Pylon  
Tags
 
Add a new tag
Caveats
  • Supply blocks, unpowered buildings, or Contaminate may cause inaccurate times.
  • Supply counts are checked every 10 seconds.